 Dungeon Crawl Stone Soup version 0.30-a0-634-g8abc85282e (webtiles) character file.

Game seed: 15926004404129714604

358 Rrauwl the Sneak (level 6, -2/38 HPs)
             Began as a Gargoyle Delver on Jan 14, 2023.
             Slain by Edmund
             ... wielding a +4 heavy flail
              (6 damage)
             ... on level 5 of the Dungeon.
             The game lasted 00:13:26 (3632 turns).

Rrauwl the Sneak (Gargoyle Delver)                  Turns: 3632, Time: 00:13:27

Health: -2/38      AC: 13    Str: 18    XL:     6   Next: 64%
Magic:  6/6        EV: 11    Int: 10    God:
Gold:   1220       SH:  0    Dex: 17    Spells: 5/5 levels left

rFire   . . .      SeeInvis .    a - +1 whip (freeze)
rCold   . . .      Faith    .    (no shield)
rNeg    + . .      Spirit   .    m - +0 ring mail
rPois   ∞          Reflect  .    s - +0 helmet
rElec   +          Harm     .    q - +0 cloak
rCorr   .          Rampage  .    (no gloves)
Will    .....                    i - +1 pair of boots
Stlth   +++                      (no amulet)
HPRegen 0.26/turn                b - +6 ring of dexterity
MPRegen 0.10/turn                (no ring)

@: about to teleport, hasted, studying Summonings, very quick
A: sickness immunity, AC +4, negative energy resistance 1, electricity
resistance, torment resistance 1, petrification resistance
a: no special abilities


You were on level 5 of the Dungeon.
You visited 1 branch of the dungeon, and saw 5 of its levels.

You collected 1220 gold pieces.

Inventory:

Hand Weapons
 a - a +1 whip of freezing (weapon)
 t - a +0 morningstar
Missiles
 r - 8 boomerangs (quivered)
Armour
 i - a +1 pair of boots (worn)
 m - a +0 ring mail (worn)
 q - a +0 cloak (worn)
 s - a +0 helmet (worn)
Jewellery
 b - a +6 ring of dexterity (left hand)
 j - a ring of fire
Wands
 g - a wand of digging (7)
 p - a wand of roots (10)
Scrolls
 c - a scroll of fog
 d - a scroll of magic mapping
 k - 6 scrolls of identify
 l - a scroll of silence
Potions
 n - 2 potions of curing
 o - a potion of brilliance


   Skills:
 - Level 4.0 Fighting
 + Level 6.0 Maces & Flails
 - Level 2.0 Dodging
 - Level 6.0 Stealth


You had 5 spell levels left.
You didn't know any spells.
Your spell library contained the following spells:

 Spells                   Type           Power      Damage    Failure   Level
 Magic Dart               Conj           0%         1d3       56%         1
 Call Imp                 Summ           0%         N/A       71%         2
 Static Discharge         Conj/Air       0%         2-2/arc   71%         2
 Mephitic Cloud           Conj/Pois/Air  0%         N/A       90%         3
 Vhi's Electric Charge    Tloc/Air       0%         N/A       90%         3
 Cause Fear               Hex            0%         N/A       100%        4
 Arcjolt                  Conj/Air       0%         1d10      100%        5
 Lightning Bolt           Conj/Air       0%         1d11      100%        5
 Dragon Form              Tmut           0%         N/A       100%        7
 Maxwell's Capacitive Co  Air            0%         ∞         100%        8
 Dragon's Call            Summ           0%         N/A       100%        9


Dungeon Overview and Level Annotations

Branches:
Dungeon (5/15)
 Temple: D:4-7

Altars:

Annotations:
D:5 3 runed translucent doors, Edmund; anet's ghost, weakling GnDe


Innate Abilities, Weirdness & Mutations

You are immune to sickness and miasma.
Your stone body is resilient. (AC +4)
You are immune to poison.
You resist negative energy. (rN+)
You are resistant to electric shocks. (rElec)
You are resistant to unholy torment.
You are immune to petrification.


Message History

The adder is severely wounded.
You closely miss the adder.
The adder is severely wounded.
The adder closely misses you.
You completely miss the adder.
The adder is severely wounded.
You barely miss the adder.
The adder is severely wounded.
The adder barely misses you.
You hit the adder. You freeze the adder.
You kill the adder!
Throw: 8 boomerangs
Press: ? - help, Q - select action, (/) - cycle Shift-Dir - straight line, f - Edmund
Aim: Edmund, wielding a +4 heavy flail, wearing a +0 leather armour and carrying a wand of flame (11) (fast, 62% to hit)
You throw a boomerang. The boomerang hits Edmund.
Edmund is lightly wounded.
You barely miss Edmund.
Edmund is lightly wounded.
Edmund hits you with a +4 heavy flail!
You hit Edmund but do no damage.
Edmund is lightly wounded.
Edmund hits you with a +4 heavy flail!
As you read the scroll of fear, it crumbles to dust.
You assume a fearsome visage.
Edmund looks frightened!
You catch the helpless Edmund completely off-guard!
You hit Edmund. You freeze Edmund.
Your attack snaps Edmund out of his fear.
Edmund is moderately wounded.
Edmund completely misses you.
As you read the scroll of teleportation, it crumbles to dust.
You feel strangely unstable.
Edmund zaps a wand.
The puff of flame hits you but does no damage.
Your surroundings seem slightly different.
As you read the scroll of teleportation, it crumbles to dust.
You feel strangely unstable. Edmund attacks as you move away!
Edmund hits you with a +4 heavy flail!
* * * LOW HITPOINT WARNING * * *
Edmund attacks as you move away! Edmund hits you with a +4 heavy flail.
You die...

#......#.#.#.#.#.#.#.##......
#....#†#.#.#.#.#.#.#..#......
#....#.##.#.#.#.#.#.#........
#....#..#############†.......
##'# #............))....#+##+
......#......####).......>..
.......#......# #...........
.......#....@.# #........##.
.......#....@.# #........##.
.......#......# #...##...##.
.########...### ##..##...##.
#...# #..#....##. .....
#..+....##. ...... .. ##'####
..


You could see Edmund (fast).

Vanquished Creatures
  A jelly (D:4)
  A hound (D:4)
  2 orc priests
  4 orc wizards (D:4)
  A river rat (D:4)
  3 adders
  3 white imps
  2 worms
  A dart slug (D:2)
  13 orcs
  5 ball pythons
  4 endoplasms
  3 giant cockroaches (D:4)
  5 hobgoblins
  A jackal (D:5)
  5 quokkas
  4 bats
  A frilled lizard (D:2)
  3 goblins
  5 kobolds
  5 rats
72 creatures vanquished.

Notes
Turn   | Place    | Note
-------+----------+-------------------------------------------
     0 | D:5      | Rrauwl the Gargoyle Delver began the quest for the Orb.
     0 | D:5      | Reached XP level 1. HP: 14/14 MP: 1/1
     9 | D:5      | Noticed Edmund
    61 | D:4      | Noticed a jelly
   120 | D:4      | Noticed an orc wizard
   120 | D:4      | Noticed an orc wizard
   121 | D:4      | Noticed an orc wizard
   325 | D:1      | Reached XP level 2. HP: 17/19 MP: 2/2
   923 | D:2      | Reached XP level 3. HP: 20/24 MP: 3/3
  1299 | D:3      | Identified a scroll of acquirement
  1299 | D:3      | Acquired 936 gold pieces
  1330 | D:3      | Reached XP level 4. HP: 26/29 MP: 4/4
  1361 | D:3      | Identified the +0 chain mail "Qaorgh" {rC+ Int+4 Slay-2}
  1904 | D:4      | Reached XP level 5. HP: 33/33 MP: 5/5
  2272 | D:4      | Reached skill level 5 in Maces & Flails
  2272 | D:4      | Reached XP level 6. HP: 36/38 MP: 6/6
  3385 | D:5      | Found a runed translucent gate.
  3386 | D:5      | Found a runed translucent gate.
  3386 | D:5      | Identified the +7 hand axe of Upheaval {drain, rC- Str+6}
  3387 | D:5      | Found a runed translucent gate.
  3388 | D:5      | Noticed anet's ghost (weakling GnDe)
  3632 | D:5      | Slain by Edmund

Illustrated notes

Levels and vault maps discovered:
D:1:      shiori_arrival_elements, layout_basic
D:2:      layout_rooms, minmay_misc_feat_nine_boxes, serial_park_tiny_2
D:3:      layout_basic
D:4:      layout_layer_cave, gup_sewer_entry_bubbles
D:5:      layout_gridville, biasface_ghost_orc_armoury, minmay_manual_maat,
          uniq_edmund

Skill      XL: |  1  2  3  4  5  6 |
---------------+-------------------+-----
Dodging        | 2 |  2.0
Fighting       | 4 |  4.0
Maces & Flails | 3 4 5 6 |  6.0
Stealth        | 6 |  6.0

Action                   |  1- 3 |  4- 6 || total
-------------------------+-------+-------++-------
Melee: Mace              |    82 |       ||    82
       Punch             |     2 |     2 ||     4
       Whip              |    19 |   217 ||   236
Throw: Boomerang         |       |     4 ||     4
  Use: Potion            |     2 |     4 ||     6
       Scroll            |     6 |     7 ||    13
 Stab: Sleeping          |     7 |     4 ||    11
       Fleeing           |       |     1 ||     1
Armor: Leather armour    |    18 |       ||    18
       Ring mail         |    25 |   108 ||   133
Dodge: Dodged            |    45 |    89 ||   134

Table legend: (Time is in decaauts)
 A = Elapsed time spent in this place.
 B = Non-inter-level travel time spent in this place.
 C = Inter-level travel time spent in this place.
 D = Time resting spent in this place.
 E = Time spent auto-exploring this place.
 F = Levels seen in this place.
 G = Mean time per level.
                   A        B        C        D        E       F      G
               +--------+--------+--------+--------+--------+-----+--------+
         Total |   3645 |   3514 |    131 |    106 |   2524 |   5 |  729.0 |
       Dungeon |   3645 |   3514 |    131 |    106 |   2524 |   5 |  729.0 |
               +--------+--------+--------+--------+--------+-----+--------+

Top non-repeatable levels by time:
     D:4: 1589 daAuts
     D:3: 652 daAuts
     D:2: 540 daAuts
     D:1: 484 daAuts
     D:5: 378 daAuts
